Map: Abiogenesis LE

Players

TheJoy - Winner!

  • Race: Zerg Zerg
  • League: Silver
  • Spawn Location: 5:00

Lenskor

  • Race: Protoss Protoss
  • League: Silver
  • Spawn Location: 11:00

VOD

Have the link to the VOD?

Description

Time

  • Played on: Feb. 11, 2018, 1:13 p.m.
  • Length: 2:50
Show
View Real Time Build Order
Export as new Build Order

TheJoy Zerg - Winner!

Build Orders: Hatch First 

Get SALT Encoding   

  12  0:04  Drone  
  13  0:08  Drone  
  14  0:40  Hatchery  
  13  0:43  Drone  
  14  0:55  Spawning Pool  
  14  0:57  Drone  
  14  1:08  Overlord  
  14  1:17  Extractor  
  13  1:20  Drone  
  14  1:28  Drone  
  15  1:44  Zergling x4  
  15  1:45  Zergling x2  
  18  1:53  Queen  
  20  1:59  Queen  
  22  2:09  Drone  
  23  2:21  Drone x2  
  25  2:24  Drone, Extractor  
Show
View Real Time Build Order
Export as new Build Order

Lenskor Protoss 

Build Orders: 1 Gate Expand 

Get SALT Encoding   

  12  0:02  Probe  
  13  0:14  Probe  
  14  0:24  Pylon  
  14  0:26  Probe  
  15  0:42  Probe  
  16  0:50  Gateway  
  16  0:53  Assimilator  
  16  0:54  Probe (Chrono Boost)  
  17  1:06  Probe (Chrono Boost)  
  18  1:13  Probe (Chrono Boost)  
  19  1:21  Probe  
  20  1:31  Nexus  
  20  1:42  Cybernetics Core  
  20  1:48  Probe  
  20  1:51  Assimilator  
  21  2:14  Pylon  
Tags
 
Add a new tag
Caveats
  • Supply blocks, unpowered buildings, or Contaminate may cause inaccurate times.
  • Supply counts are checked every 10 seconds.